WCHLSIM.com - West Coast Hockey League
html PUBLIC "-//W3C//DTD XHTML 1.0 Transitional//EN" "http://www.w3.org/TR/xhtml1/DTD/xhtml1-transitional.dtd"> WCHL - Game 322 - BOISE CARIBOUS vs BANFF WOLVES

BOISE CARIBOUS vs BANFF WOLVES

Created - 30 décembre 2020 at 21:16

Goals
1 2 3 OT1 SO T
BOISE CARIBOUS 0 0 3 0 1 3
BANFF WOLVES 1 0 2 0 2 4
Shots
1 2 3 OT1 SO T
BOISE CARIBOUS 7 16 8 2 4 33
BANFF WOLVES 16 3 16 1 4 36

1st period

1. BANFF WOLVES , Roope Hintz 4 (Kevin Labanc 11, James van Riemsdyk 9) at 18:14 (PP)

Penalties :
Will Butcher (BOI) for Tripping (Minor) at 12:55, Erik Cernak (BOI) for Interference (Minor) at 16:46

2nd period

No Goal

Penalties :
Kevin Labanc (BAN) for Holding (Minor) at 8:26, Brady Tkachuk (BAN) for Holding (Minor) at 15:11, Kevin Connauton (BAN) for Holding (Minor) at 17:15, Rasmus Andersson (BOI) for Tripping (Minor) at 19:27

3rd period

2. BANFF WOLVES , Roope Hintz 5 (Jamie Oleksiak 1, Kevin Labanc 12) at 1:19 (PP)
3. BOISE CARIBOUS , Dominik Kubalik 5 (Kyle Turris 4) at 4:48
4. BOISE CARIBOUS , Dominik Kubalik 6 (Kyle Turris 5) at 5:12
5. BOISE CARIBOUS , Phil Kessel 6 (Tom Wilson 7, John Klingberg 7) at 5:56
6. BANFF WOLVES , Kevin Labanc 7 (Alex Tuch 9, Jack Eichel 7) at 16:08

Penalties :
Erik Cernak (BOI) for High sticking (Minor) at 2:29, Miro Heiskanen (BAN) for Hooking (Minor) at 3:29, Darren Helm (BOI) for Tripping (Minor) at 3:29, Will Butcher (BOI) for Hooking (Minor) at 11:51, Tom Wilson (BOI) for Tripping (Minor) at 16:58

Overtime #1

No Goal

Penalties :
No Penalty

Shootout

BOISE CARIBOUS, Andre Burakovsky - Shot Misses the Net
BANFF WOLVES, Kevin Labanc - Shot Misses the Net
BOISE CARIBOUS, Phil Kessel - Stopped by Pavel Francouz
BANFF WOLVES, Jack Eichel - Goal!
BOISE CARIBOUS, Dominik Kubalik - Goal!
BANFF WOLVES, Roope Hintz - Shot Misses the Net
BOISE CARIBOUS, Carl Soderberg - Stopped by Pavel Francouz
BANFF WOLVES, Nikita Gusev - Goal!

Penalties :
No Penalty

Goalie Stats

Alexandar Georgiev (BOI), 33 saves from 36 shots - (0,917), OTL, 3-6-1, 65:00 minutes
Pavel Francouz (BAN), 30 saves from 33 shots - (0,909), W, 3-7-1, 65:00 minutes

Players Stats for BOISE CARIBOUS

Player Name              G  A  P  +/- PIM S  H  SB GA TA FO     MP     PP MP  PK MP  
------------------------------------------------------------------------------------
Andre Burakovsky         0  0  0   0  0   3  1  0  0  0  0/1    17:48   3:01   0:00 
Brendan Smith            0  0  0  -1  0   0  2  0  0  0  0/0    13:09   0:00   6:47 
Carl Soderberg           0  0  0   0  0   1  0  0  0  0  10/16  14:31   3:01   0:00 
Darren Helm              0  0  0   0  2   3  0  1  0  0  0/0    15:31   0:00   6:36 
Dominik Kubalik          2  0  2   2  0   6  1  0  0  0  0/0    17:46   2:56   0:00 
Erik Cernak              0  0  0   1  4   1  3  0  0  0  0/0    18:30   0:00   4:43 
Joakim Ryan              0  0  0  -1  0   0  0  2  0  0  0/0    18:29   0:00   5:30 
John Klingberg           0  1  1   1  0   0  0  1  0  0  0/0    20:14   3:01   0:51 
Kyle Turris              0  2  2   2  0   2  1  0  0  0  15/29  17:13   2:56   0:00 
Lawson Crouse            0  0  0  -1  0   1  2  0  0  0  0/0     6:22   0:00   0:00 
Mike Reilly              0  0  0   2  0   1  5  1  0  0  0/0    18:59   2:56   0:12 
Patrick Marleau          0  0  0   0  0   0  0  0  0  0  0/0     8:55   0:00   0:00 
Phil Kessel              1  0  1   1  0   3  0  0  0  0  1/1    19:44   3:01   0:44 
Radek Faksa              0  0  0   1  0   4  0  0  0  0  15/24  20:20   2:56   4:00 
Rasmus Andersson         0  0  0  -1  2   0  0  1  0  0  0/0    20:02   0:00   4:29 
Theodor Blueger          0  0  0  -1  0   1  0  1  0  0  6/19   13:38   0:00   7:16 
Tom Wilson               0  1  1   1  2   6  2  0  0  0  1/3    21:53   3:01   2:56 
Will Butcher             0  0  0   2  4   1  2  1  0  0  0/0    18:34   2:56   0:00 

Players Stats for BANFF WOLVES

Player Name              G  A  P  +/- PIM S  H  SB GA TA FO     MP     PP MP  PK MP  
------------------------------------------------------------------------------------
Alex Tuch                0  1  1   0  0   2  1  0  0  0  0/0    12:39   0:00   0:00 
Antti Suomela            0  0  0   0  0   0  2  0  0  0  6/11   12:41   0:32   0:00 
Brady Tkachuk            0  0  0   0  2   2  1  1  0  0  0/0    15:26   3:18   2:29 
Jack Eichel              0  1  1   1  0   2  0  0  0  0  19/32  22:36   5:57   0:00 
James van Riemsdyk       0  1  1  -1  0   4  2  0  0  0  0/3    15:29   4:20   0:00 
Jamie Oleksiak           0  1  1  -1  0   1  4  1  0  0  0/0    19:42   4:06   2:48 
Jason Zucker             0  0  0  -1  0   3  0  1  0  0  3/8    15:57   0:00   2:26 
Joel Kellman             0  0  0  -1  0   0  1  0  0  0  5/10   15:09   2:39   0:00 
Kevin Connauton          0  0  0   0  2   0  4  0  0  0  0/0    13:48   0:00   0:00 
Kevin Labanc             1  2  3   1  2   2  0  0  0  0  0/0    16:04   4:20   1:02 
Mathew Dumba             0  0  0  -1  0   4  2  2  0  0  0/0    29:01   6:11   3:09 
Mike Ferland             0  0  0   0  0   2  1  0  0  0  0/0     5:48   0:00   0:00 
Miles Wood               0  0  0   0  0   2  0  0  0  0  0/0     5:48   0:00   0:00 
Miro Heiskanen           0  0  0   1  2   2  1  2  0  0  0/0    27:53   6:10   3:09 
Nikita Gusev             0  0  0  -2  0   4  0  1  0  0  0/0    23:34   5:49   2:26 
Roope Hintz              2  0  2  -1  0   4  3  0  0  0  12/29  20:51   3:56   3:31 
Taylor Fedun             0  0  0  -2  0   0  1  0  0  0  0/0    14:52   0:00   0:00 
Trevor van Riemsdyk      0  0  0  -1  0   2  1  2  0  0  0/0    19:42   4:06   2:48 

3 Stars

1 - Dominik Kubalik (BOI)
2 - Roope Hintz (BAN)
3 - Kevin Labanc (BAN)

Power Play

BOISE CARIBOUS - 0 on 3 Attempt(s) - 0,00%
BANFF WOLVES - 2 on 6 Attempt(s) - 33,33%

Penalty Kill

BOISE CARIBOUS - 4 on 6 Attempt(s) - 66,67% - Score 0 goal in Penalty Kill
BANFF WOLVES - 3 on 3 Attempt(s) - 100,00% - Score 0 goal in Penalty Kill

Team Stat

BOISE CARIBOUS - Hits : 19 - Faceoff Wins : 48 - Blocked Shots : 8 - Penalty Minutes : 14
BANFF WOLVES - Hits : 24 - Faceoff Wins : 45 - Blocked Shots : 10 - Penalty Minutes : 8

Official

Referees : Ian Walsh and Stephen Hiff
Linesman : Bryan Pancich and Neil Campbell

Game Notes

Brady Tkachuk is injured at 2:29 of 3rd period (Concussion)
Jason Zucker is injured at 11:42 of 3rd period (Sprained Right Ankle)

Finance

Level 1 -- Attendance: 2894 (41,05%) -- Ticket Income 868 200 $
Level 2 -- Attendance: 2509 (42,13%) -- Ticket Income 501 800 $
Level 3 -- Attendance: 1132 (48,38%) -- Ticket Income 169 800 $
Level 4 -- Attendance: 1879 (37,58%) -- Ticket Income 225 480 $
Luxury Box -- Attendance: 429 (40,28%) -- Ticket Income 257 400 $
Game was played at the Rocky Mountains Sports Complex.
Total Attendance: 8843 (41,30%)
Total Ticket Income: 2 022 680 $
Other Income: 707 938 $
Total Income: 2 730 618 $

BOISE CARIBOUS

5 vs 5 Forward 
   Center                   Left Wing                Right Wing               Time % Phy DF OF 
 1 Radek Faksa              Phil Kessel              Tom Wilson               31     0   2  3  
 2 Kyle Turris              Dominik Kubalik          Andre Burakovsky         30     0   2  3  
 3 Carl Soderberg           Darren Helm              Patrick Marleau          24     1   2  2  
 4 Theodor Blueger          Lawson Crouse            Brendan Smith            15     1   4  0  

5 vs 5 Defense 
   Defense                  Defense                                           Time % Phy DF OF 
 1 Erik Cernak              John Klingberg                                    36     1   2  2  
 2 Joakim Ryan              Rasmus Andersson                                  33     1   2  2  
 3 Mike Reilly              Will Butcher                                      25     1   3  1  
 4 Will Butcher             Mike Reilly                                       6      0   3  2  

PowerPlay Forward 
   Center                   Left Wing                Right Wing               Time % Phy DF OF 
 1 Carl Soderberg           Andre Burakovsky         Tom Wilson               55     0   1  4  
 2 Radek Faksa              Kyle Turris              Dominik Kubalik          45     0   2  3  

PowerPlay Defense
   Defense                  Defense                                           Time % Phy DF OF 
 1 John Klingberg           Phil Kessel                                       55     0   1  4  
 2 Will Butcher             Mike Reilly                                       45     0   2  3  

Penalty Kill 4 Players Forward 
   Center                   Wing                     Time % Phy DF OF 
 1 Theodor Blueger          Darren Helm              55     0   5  0  
 2 Radek Faksa              Tom Wilson               45     0   5  0  

Penalty Kill 4 Players Defense
   Defense                  Defense                  Time % Phy DF OF 
 1 Erik Cernak              Brendan Smith            55     0   5  0  
 2 Rasmus Andersson         Joakim Ryan              45     0   5  0  

Penalty Kill - 3 Players Forward 
   Forward                                           Time % Phy DF OF 
 1 Theodor Blueger                                   55     1   4  0  
 2 Radek Faksa                                       45     1   4  0  

Penalty Kill - 3 Players Defense
   Defense                  Defense                  Time % Phy DF OF 
 1 Erik Cernak              Rasmus Andersson         55     1   4  0  
 2 Mike Reilly              John Klingberg           45     1   4  0  

4 vs 4 Forward 
   Center                   Wing                     Time % Phy DF OF 
 1 Kyle Turris              Dominik Kubalik          55     1   2  2  
 2 Carl Soderberg           Andre Burakovsky         45     1   2  2  

4 vs 4 Defense
   Defense                  Defense                  Time % Phy DF OF 
 1 Will Butcher             Mike Reilly              55     1   2  2  
 2 John Klingberg           Tom Wilson               45     1   2  2  

Last Minutes Offensive
   Center                   Left Wing                Right Wing               Defense                  Defense                  
   Carl Soderberg           Andre Burakovsky         Tom Wilson               John Klingberg           Rasmus Andersson         

Last Minutes Defensive
   Center                   Left Wing                Right Wing               Defense                  Defense                  
   Radek Faksa              Darren Helm              Tom Wilson               Erik Cernak              Rasmus Andersson         

Goaltenders
Starting : Alexandar Georgiev       
Backup : Robin Lehner             

Extra Forwards
Normal : Lawson Crouse, Phil Kessel, Tom Wilson - PP : Radek Faksa, Lawson Crouse - PK : Phil Kessel
Extra Defensemen
Normal : Erik Cernak, Rasmus Andersson, Mike Reilly - PP : Rasmus Andersson - PK : Brendan Smith, Erik Cernak
Penalty Shots
Andre Burakovsky, Phil Kessel, Dominik Kubalik, Carl Soderberg, Kyle Turris
Custom OT Lines Forwards
Tom Wilson, Carl Soderberg, Phil Kessel, Andre Burakovsky, Dominik Kubalik, Kyle Turris, Patrick Marleau, Lawson Crouse, Radek Faksa, Darren Helm
Custom OT Lines Defensemen
Rasmus Andersson, John Klingberg, Mike Reilly, Will Butcher, Erik Cernak

Scratches
Mario Kempe (Healthy)

BANFF WOLVES

5 vs 5 Forward 
   Center                   Left Wing                Right Wing               Time % Phy DF OF 
 1 Jack Eichel              Brady Tkachuk            Jason Zucker             31     0   2  3  
 2 Roope Hintz              Nikita Gusev             Alex Tuch                31     0   2  3  
 3 Joel Kellman             James van Riemsdyk       Kevin Labanc             26     1   3  1  
 4 Antti Suomela            Miles Wood               Mike Ferland             12     0   3  2  

5 vs 5 Defense 
   Defense                  Defense                                           Time % Phy DF OF 
 1 Miro Heiskanen           Mathew Dumba                                      36     0   1  4  
 2 Jamie Oleksiak           Trevor van Riemsdyk                               31     1   2  2  
 3 Taylor Fedun             Kevin Connauton                                   23     1   2  2  
 4 Miro Heiskanen           Mathew Dumba                                      10     1   2  2  

PowerPlay Forward 
   Center                   Left Wing                Right Wing               Time % Phy DF OF 
 1 Jack Eichel              Brady Tkachuk            Nikita Gusev             55     0   1  4  
 2 Roope Hintz              James van Riemsdyk       Kevin Labanc             45     0   1  4  

PowerPlay Defense
   Defense                  Defense                                           Time % Phy DF OF 
 1 Miro Heiskanen           Mathew Dumba                                      55     1   2  2  
 2 Jamie Oleksiak           Trevor van Riemsdyk                               45     1   2  2  

Penalty Kill 4 Players Forward 
   Center                   Wing                     Time % Phy DF OF 
 1 Roope Hintz              Brady Tkachuk            55     2   3  0  
 2 Jason Zucker             Nikita Gusev             45     3   2  0  

Penalty Kill 4 Players Defense
   Defense                  Defense                  Time % Phy DF OF 
 1 Miro Heiskanen           Mathew Dumba             55     2   3  0  
 2 Jamie Oleksiak           Trevor van Riemsdyk      45     1   4  0  

Penalty Kill - 3 Players Forward 
   Forward                                           Time % Phy DF OF 
 1 Nikita Gusev                                      55     1   4  0  
 2 Brady Tkachuk                                     45     1   4  0  

Penalty Kill - 3 Players Defense
   Defense                  Defense                  Time % Phy DF OF 
 1 Miro Heiskanen           Mathew Dumba             55     1   4  0  
 2 Jamie Oleksiak           Trevor van Riemsdyk      45     1   4  0  

4 vs 4 Forward 
   Center                   Wing                     Time % Phy DF OF 
 1 Jason Zucker             Brady Tkachuk            55     2   3  0  
 2 James van Riemsdyk       Nikita Gusev             45     2   3  0  

4 vs 4 Defense
   Defense                  Defense                  Time % Phy DF OF 
 1 Miro Heiskanen           Mathew Dumba             55     1   4  0  
 2 Jamie Oleksiak           Trevor van Riemsdyk      45     1   4  0  

Last Minutes Offensive
   Center                   Left Wing                Right Wing               Defense                  Defense                  
   Jack Eichel              Brady Tkachuk            Nikita Gusev             Miro Heiskanen           Mathew Dumba             

Last Minutes Defensive
   Center                   Left Wing                Right Wing               Defense                  Defense                  
   Jack Eichel              Brady Tkachuk            Nikita Gusev             Miro Heiskanen           Mathew Dumba             

Goaltenders
Starting : Pavel Francouz           
Backup : Ilya Samsonov            

Extra Forwards
Normal : Joel Kellman, Antti Suomela, Roope Hintz - PP : Joel Kellman, Antti Suomela - PK : Roope Hintz
Extra Defensemen
Normal : Taylor Fedun, Kevin Connauton, Jamie Oleksiak - PP : Taylor Fedun - PK : Kevin Connauton, Jamie Oleksiak
Penalty Shots
Kevin Labanc, Brady Tkachuk, Roope Hintz, Nikita Gusev, James van Riemsdyk
Custom OT Lines Forwards
Antti Suomela, Brady Tkachuk, Jack Eichel, Nikita Gusev, James van Riemsdyk, Kevin Labanc, Roope Hintz, Alex Tuch, Jason Zucker, Joel Kellman
Custom OT Lines Defensemen
Miro Heiskanen, Mathew Dumba, Jamie Oleksiak, Trevor van Riemsdyk, Taylor Fedun

Scratches
None


% Time on Ice - BOISE CARIBOUS

Lines # - Real PCT - Wanted PCT - Time Play
Normal Forward
1 - 32% - 31% - 13:24
2 - 31% - 30% - 13:06
3 - 21% - 24% - 8:55
4 - 15% - 15% - 6:22
Normal Defense
1 - 33% - 36% - 13:49
2 - 31% - 33% - 12:59
3 - 29% - 25% - 12:13
4 - 7% - 6% - 2:46
PP Forward
1 - 51% - 55% - 3:01
2 - 49% - 45% - 2:56
PP Defense
1 - 51% - 55% - 3:01
2 - 49% - 45% - 2:56
PK Forward
1 - 61% - 55% - 6:18
2 - 39% - 45% - 3:59
PK Defense
1 - 58% - 55% - 6:00
2 - 42% - 45% - 4:17
PK3 Forward
1 - 81% - 55% - 0:48
2 - 19% - 45% - 0:11
PK3 Defense
1 - 81% - 55% - 0:48
2 - 19% - 45% - 0:11
44 Forward
1 - 100% - 55% - 1:00
2 - 0% - 45% - 0:00
44 Defense
1 - 68% - 55% - 0:41
2 - 32% - 45% - 0:19
Last Minute Offensive  - 0:00
Last Minute Defensive  - 0:00
Total
Forward - 60:00
Defense - 60:00

% Time on Ice - BANFF WOLVES

Lines # - Real PCT - Wanted PCT - Time Play
Normal Forward
1 - 34% - 31% - 14:11
2 - 30% - 31% - 12:21
3 - 23% - 26% - 9:27
4 - 14% - 12% - 5:48
Normal Defense
1 - 36% - 36% - 14:51
2 - 28% - 31% - 11:52
3 - 33% - 23% - 13:49
4 - 3% - 10% - 1:15
PP Forward
1 - 58% - 55% - 5:57
2 - 42% - 45% - 4:20
PP Defense
1 - 60% - 55% - 6:11
2 - 40% - 45% - 4:06
PK Forward
1 - 59% - 55% - 3:31
2 - 41% - 45% - 2:26
PK Defense
1 - 53% - 55% - 3:09
2 - 47% - 45% - 2:48
PK3 Forward
1 - 0% - 55%
2 - 0% - 45%
PK3 Defense
1 - 0% - 55%
2 - 0% - 45%
44 Forward
1 - 86% - 55% - 1:42
2 - 14% - 45% - 0:17
44 Defense
1 - 53% - 55% - 1:03
2 - 47% - 45% - 0:56
Last Minute Offensive  - 0:00
Last Minute Defensive  - 0:00
Total
Forward - 60:00
Defense - 60:00

Play-by-Play

1st period


0:01 of 1st period - Radek Faksa wins face-off versus Jack Eichel in neutral zone.
0:10 of 1st period - Shot by Radek Faksa.
0:10 of 1st period - Stopped by Pavel Francouz without a rebound.
0:11 of 1st period - Kyle Turris wins face-off versus Roope Hintz in BANFF WOLVES zone.
0:18 of 1st period - Shot by Kyle Turris.
0:18 of 1st period - Shot Misses the Net.
0:26 of 1st period - Shot by Andre Burakovsky.
0:26 of 1st period - Shot Misses the Net.
0:42 of 1st period - Shot by Andre Burakovsky.
0:42 of 1st period - Stopped by Pavel Francouz with a rebound.
0:52 of 1st period - Shot by Dominik Kubalik.
0:52 of 1st period - Stopped by Pavel Francouz without a rebound.
0:53 of 1st period - Carl Soderberg wins face-off versus Joel Kellman in BANFF WOLVES zone.
1:12 of 1st period - Shot by James van Riemsdyk.
1:12 of 1st period - Shot Blocked by Will Butcher.
1:35 of 1st period - Carl Soderberg is hit by Kevin Connauton and loses puck.
2:54 of 1st period - Theodor Blueger is hit by Mike Ferland and loses puck.
3:03 of 1st period - Shot by Miles Wood.
3:03 of 1st period - Deflect By Mike Ferland.
3:03 of 1st period - Stopped by Alexandar Georgiev with a rebound.
3:11 of 1st period - Shot by Miles Wood.
3:11 of 1st period - Stopped by Alexandar Georgiev without a rebound.
3:12 of 1st period - Kyle Turris wins face-off versus Roope Hintz in BOISE CARIBOUS zone.
5:07 of 1st period - Shot by Radek Faksa.
5:07 of 1st period - Stopped by Pavel Francouz with a rebound.
5:09 of 1st period - Shot by Tom Wilson.
5:09 of 1st period - Stopped by Pavel Francouz without a rebound.
5:10 of 1st period - Joel Kellman wins face-off versus Carl Soderberg in BANFF WOLVES zone.
5:15 of 1st period - Shot by James van Riemsdyk.
5:15 of 1st period - Stopped by Alexandar Georgiev with a rebound.
5:17 of 1st period - Shot by Joel Kellman.
5:17 of 1st period - Shot Misses the Net.
5:19 of 1st period - Shot by Jamie Oleksiak.
5:19 of 1st period - Shot Misses the Net.
5:21 of 1st period - Shot by Trevor van Riemsdyk.
5:21 of 1st period - Stopped by Alexandar Georgiev without a rebound.
5:22 of 1st period - Theodor Blueger wins face-off versus Roope Hintz in BOISE CARIBOUS zone.
5:35 of 1st period - Shot by Theodor Blueger.
5:35 of 1st period - Deflect By Lawson Crouse.
5:35 of 1st period - Shot Misses the Net.
6:26 of 1st period - Darren Helm is hit by Joel Kellman and loses puck.
7:33 of 1st period - Shot by Brady Tkachuk.
7:33 of 1st period - Shot Misses the Net.
7:55 of 1st period - Off-side.
7:56 of 1st period - Antti Suomela wins face-off versus Radek Faksa in neutral zone.
8:15 of 1st period - Shot by Miles Wood.
8:15 of 1st period - Stopped by Alexandar Georgiev without a rebound.
8:16 of 1st period - Kyle Turris wins face-off versus Roope Hintz in BOISE CARIBOUS zone.
8:16 of 1st period - Kyle Turris is hit by Roope Hintz.
8:42 of 1st period - Alex Tuch is hit by Andre Burakovsky and loses puck.
9:06 of 1st period - Miro Heiskanen is hit by Kyle Turris and loses puck.
9:19 of 1st period - Tom Wilson is hit by James van Riemsdyk and loses puck.
9:36 of 1st period - Shot by Phil Kessel.
9:36 of 1st period - Stopped by Pavel Francouz with a rebound.
10:05 of 1st period - Tom Wilson is hit by Kevin Connauton and loses puck.
10:42 of 1st period - Shot by Miles Wood.
10:42 of 1st period - Shot Misses the Net.
10:48 of 1st period - Shot by Mike Ferland.
10:48 of 1st period - Stopped by Alexandar Georgiev without a rebound.
10:49 of 1st period - Roope Hintz wins face-off versus Theodor Blueger in BOISE CARIBOUS zone.
11:20 of 1st period - Shot by Nikita Gusev.
11:20 of 1st period - Shot Misses the Net.
11:24 of 1st period - Shot by Nikita Gusev.
11:24 of 1st period - Stopped by Alexandar Georgiev without a rebound.
11:25 of 1st period - Joel Kellman wins face-off versus Kyle Turris in BOISE CARIBOUS zone.
11:42 of 1st period - Shot by Kevin Labanc.
11:42 of 1st period - Shot Blocked by John Klingberg.
12:00 of 1st period - Shot by Kevin Labanc.
12:00 of 1st period - Shot Misses the Net.
12:03 of 1st period - Icing by Erik Cernak.
12:04 of 1st period - Kyle Turris wins face-off versus Jason Zucker in BOISE CARIBOUS zone.
12:10 of 1st period - Icing by John Klingberg.
12:11 of 1st period - Jack Eichel wins face-off versus Kyle Turris in BOISE CARIBOUS zone.
12:20 of 1st period - Shot by Jack Eichel.
12:20 of 1st period - Shot Misses the Net.
12:22 of 1st period - Shot by Mathew Dumba.
12:22 of 1st period - Stopped by Alexandar Georgiev with a rebound.
12:24 of 1st period - Shot by Brady Tkachuk.
12:24 of 1st period - Stopped by Alexandar Georgiev without a rebound.
12:25 of 1st period - Roope Hintz wins face-off versus Carl Soderberg in BOISE CARIBOUS zone.
12:26 of 1st period - Shot by Nikita Gusev.
12:26 of 1st period - Shot Misses the Net.
12:28 of 1st period - Shot by Nikita Gusev.
12:28 of 1st period - Shot Misses the Net.
12:30 of 1st period - Shot by Alex Tuch.
12:30 of 1st period - Stopped by Alexandar Georgiev without a rebound.
12:31 of 1st period - Jack Eichel wins face-off versus Tom Wilson in BOISE CARIBOUS zone.
12:46 of 1st period - Shot by Brady Tkachuk.
12:46 of 1st period - Stopped by Alexandar Georgiev with a rebound.
12:51 of 1st period - Brady Tkachuk is hit by Will Butcher and loses puck.
12:55 of 1st period - Minor Penalty to Will Butcher for Tripping.
12:56 of 1st period - Theodor Blueger wins face-off versus Roope Hintz in BOISE CARIBOUS zone.
12:56 of 1st period - Theodor Blueger is hit by Roope Hintz.
13:07 of 1st period - Shot by Jamie Oleksiak.
13:07 of 1st period - Shot Blocked by Rasmus Andersson.
13:09 of 1st period - Shot by Jamie Oleksiak.
13:09 of 1st period - Stopped by Alexandar Georgiev with a rebound.
13:11 of 1st period - Shot by Trevor van Riemsdyk.
13:11 of 1st period - Stopped by Alexandar Georgiev without a rebound.
13:12 of 1st period - Theodor Blueger wins face-off versus Jack Eichel in BOISE CARIBOUS zone.
13:31 of 1st period - Icing by Brady Tkachuk.
13:32 of 1st period - Theodor Blueger wins face-off versus Jack Eichel in BANFF WOLVES zone.
13:42 of 1st period - Darren Helm is hit by Mathew Dumba and loses puck.
14:01 of 1st period - Shot by Jack Eichel.
14:01 of 1st period - Shot Misses the Net.
14:09 of 1st period - Shot by Jack Eichel.
14:09 of 1st period - Stopped by Alexandar Georgiev with a rebound.
14:40 of 1st period - Shot by Kevin Labanc.
14:40 of 1st period - Shot Misses the Net.
15:02 of 1st period - Shot by Miles Wood.
15:02 of 1st period - Shot Blocked by Mike Reilly.
15:11 of 1st period - Icing by Andre Burakovsky.
15:12 of 1st period - Kyle Turris wins face-off versus Jack Eichel in BOISE CARIBOUS zone.
15:14 of 1st period - Icing by Dominik Kubalik.
15:15 of 1st period - Jack Eichel wins face-off versus Kyle Turris in BOISE CARIBOUS zone.
15:15 of 1st period - Jack Eichel is hit by Mike Reilly.
15:33 of 1st period - Shot by Brady Tkachuk.
15:33 of 1st period - Shot Misses the Net.
15:38 of 1st period - Miro Heiskanen is hit by Mike Reilly and loses puck.
15:42 of 1st period - Icing by Andre Burakovsky.
15:43 of 1st period - Roope Hintz wins face-off versus Kyle Turris in BOISE CARIBOUS zone.
16:12 of 1st period - Shot by Nikita Gusev.
16:12 of 1st period - Shot Misses the Net.
16:14 of 1st period - Shot by Jamie Oleksiak.
16:14 of 1st period - Shot Misses the Net.
16:19 of 1st period - Roope Hintz is hit by Mike Reilly and loses puck.
16:22 of 1st period - Shot by Nikita Gusev.
16:22 of 1st period - Stopped by Alexandar Georgiev with a rebound.
16:39 of 1st period - Kevin Labanc is hit by Tom Wilson and loses puck.
16:46 of 1st period - Minor Penalty to Erik Cernak for Interference.
16:47 of 1st period - Theodor Blueger wins face-off versus Jack Eichel in BOISE CARIBOUS zone.
17:20 of 1st period - Shot by Jack Eichel.
17:20 of 1st period - Shot Misses the Net.
18:12 of 1st period - Shot by Kevin Labanc.
18:12 of 1st period - Shot Misses the Net.
18:14 of 1st period - Shot by Roope Hintz.
18:14 of 1st period - Goal by Roope Hintz - BOISE CARIBOUS : 0 - BANFF WOLVES : 1.
18:15 of 1st period - Radek Faksa wins face-off versus Antti Suomela in neutral zone.
18:38 of 1st period - Shot by Tom Wilson.
18:38 of 1st period - Shot Misses the Net.
19:22 of 1st period - Shot by Kyle Turris.
19:22 of 1st period - Shot Blocked by Mathew Dumba.
19:24 of 1st period - Shot by Andre Burakovsky.
19:24 of 1st period - Stopped by Pavel Francouz with a rebound.
Goals for this period are 0 for BOISE CARIBOUS vs 1 for BANFF WOLVES.
Shots for this period are 7 for BOISE CARIBOUS vs 16 for BANFF WOLVES.

2nd period


0:01 of 2nd period - Roope Hintz wins face-off versus Carl Soderberg in neutral zone.
0:14 of 2nd period - Shot by Nikita Gusev.
0:14 of 2nd period - Shot Blocked by Darren Helm.
0:39 of 2nd period - Shot by Darren Helm.
0:39 of 2nd period - Stopped by Pavel Francouz without a rebound.
0:40 of 2nd period - Joel Kellman wins face-off versus Radek Faksa in BANFF WOLVES zone.
0:54 of 2nd period - Off-side.
0:55 of 2nd period - Jack Eichel wins face-off versus Theodor Blueger in neutral zone.
1:54 of 2nd period - Mike Reilly is hit by Brady Tkachuk and loses puck.
3:23 of 2nd period - Shot by Nikita Gusev.
3:23 of 2nd period - Deflect By Roope Hintz.
3:23 of 2nd period - Stopped by Alexandar Georgiev with a rebound.
3:32 of 2nd period - Shot by Joakim Ryan.
3:32 of 2nd period - Shot Misses the Net.
3:34 of 2nd period - Shot by Darren Helm.
3:34 of 2nd period - Shot Misses the Net.
3:36 of 2nd period - Shot by Darren Helm.
3:36 of 2nd period - Stopped by Pavel Francouz without a rebound.
3:37 of 2nd period - Kyle Turris wins face-off versus Antti Suomela in BANFF WOLVES zone.
3:42 of 2nd period - Shot by Dominik Kubalik.
3:42 of 2nd period - Stopped by Pavel Francouz without a rebound.
3:43 of 2nd period - Jack Eichel wins face-off versus Kyle Turris in BANFF WOLVES zone.
3:52 of 2nd period - Shot by Brady Tkachuk.
3:52 of 2nd period - Shot Misses the Net.
4:07 of 2nd period - Icing by Kyle Turris.
4:08 of 2nd period - Roope Hintz wins face-off versus Kyle Turris in BOISE CARIBOUS zone.
4:26 of 2nd period - Andre Burakovsky is hit by Kevin Connauton and loses puck.
4:29 of 2nd period - Shot by Joakim Ryan.
4:29 of 2nd period - Shot Misses the Net.
4:49 of 2nd period - Shot by Carl Soderberg.
4:49 of 2nd period - Shot Misses the Net.
4:51 of 2nd period - Shot by Darren Helm.
4:51 of 2nd period - Shot Misses the Net.
4:53 of 2nd period - Shot by Erik Cernak.
4:53 of 2nd period - Stopped by Pavel Francouz with a rebound.
4:55 of 2nd period - Shot by Carl Soderberg.
4:55 of 2nd period - Stopped by Pavel Francouz with a rebound.
5:01 of 2nd period - Shot by Darren Helm.
5:01 of 2nd period - Stopped by Pavel Francouz without a rebound.
5:02 of 2nd period - Radek Faksa wins face-off versus Joel Kellman in BANFF WOLVES zone.
5:03 of 2nd period - Shot by Tom Wilson.
5:03 of 2nd period - Shot Misses the Net.
5:06 of 2nd period - Icing by Jamie Oleksiak.
5:07 of 2nd period - Radek Faksa wins face-off versus Joel Kellman in BANFF WOLVES zone.
5:09 of 2nd period - Tom Wilson is hit by Jamie Oleksiak and loses puck.
5:13 of 2nd period - Phil Kessel is hit by Jamie Oleksiak.
5:26 of 2nd period - Icing by Tom Wilson.
5:27 of 2nd period - Phil Kessel wins face-off versus Jack Eichel in BOISE CARIBOUS zone.
5:41 of 2nd period - Icing by Mike Reilly.
5:42 of 2nd period - Joel Kellman wins face-off versus Radek Faksa in BOISE CARIBOUS zone.
5:42 of 2nd period - Joel Kellman is hit by Mike Reilly.
5:45 of 2nd period - Kevin Labanc is hit by Will Butcher and loses puck.
5:54 of 2nd period - Shot by Tom Wilson.
5:54 of 2nd period - Shot Misses the Net.
5:56 of 2nd period - Shot by Tom Wilson.
5:56 of 2nd period - Shot Misses the Net.
5:58 of 2nd period - Shot by Will Butcher.
5:58 of 2nd period - Shot Blocked by Jamie Oleksiak.
6:11 of 2nd period - Shot by Phil Kessel.
6:11 of 2nd period - Shot Blocked by Trevor van Riemsdyk.
6:21 of 2nd period - Shot by Kevin Labanc.
6:21 of 2nd period - Shot Misses the Net.
7:18 of 2nd period - John Klingberg is hit by Alex Tuch and loses puck.
7:34 of 2nd period - Icing by Jack Eichel.
7:35 of 2nd period - Jack Eichel wins face-off versus Theodor Blueger in BANFF WOLVES zone.
8:26 of 2nd period - Minor Penalty to Kevin Labanc for Holding.
8:27 of 2nd period - Roope Hintz wins face-off versus Radek Faksa in BANFF WOLVES zone.
8:33 of 2nd period - Icing by Dominik Kubalik.
8:34 of 2nd period - Radek Faksa wins face-off versus Roope Hintz in BOISE CARIBOUS zone.
8:43 of 2nd period - Shot by Dominik Kubalik.
8:43 of 2nd period - Deflect By Kyle Turris.
8:43 of 2nd period - Stopped by Pavel Francouz with a rebound.
8:45 of 2nd period - Shot by Mike Reilly.
8:45 of 2nd period - Shot Blocked by Miro Heiskanen.
8:47 of 2nd period - Shot by Mike Reilly.
8:47 of 2nd period - Deflect By Dominik Kubalik.
8:47 of 2nd period - Stopped by Pavel Francouz without a rebound.
8:48 of 2nd period - Carl Soderberg wins face-off versus Roope Hintz in BANFF WOLVES zone.
9:03 of 2nd period - Shot by Tom Wilson.
9:03 of 2nd period - Stopped by Pavel Francouz without a rebound.
9:04 of 2nd period - Jason Zucker wins face-off versus Radek Faksa in BANFF WOLVES zone.
9:17 of 2nd period - Shot by Dominik Kubalik.
9:17 of 2nd period - Shot Misses the Net.
9:19 of 2nd period - Shot by Dominik Kubalik.
9:19 of 2nd period - Shot Misses the Net.
9:21 of 2nd period - Shot by Radek Faksa.
9:21 of 2nd period - Shot Misses the Net.
9:23 of 2nd period - Shot by Dominik Kubalik.
9:23 of 2nd period - Shot Misses the Net.
10:04 of 2nd period - Off-side.
10:05 of 2nd period - Carl Soderberg wins face-off versus Roope Hintz in neutral zone.
10:14 of 2nd period - Shot by Tom Wilson.
10:14 of 2nd period - Stopped by Pavel Francouz without a rebound.
10:15 of 2nd period - Jason Zucker wins face-off versus Carl Soderberg in BANFF WOLVES zone.
10:28 of 2nd period - Shot by Lawson Crouse.
10:28 of 2nd period - Stopped by Pavel Francouz with a rebound.
10:38 of 2nd period - Shot by James van Riemsdyk.
10:38 of 2nd period - Stopped by Alexandar Georgiev with a rebound.
10:50 of 2nd period - Shot by James van Riemsdyk.
10:50 of 2nd period - Stopped by Alexandar Georgiev without a rebound.
10:51 of 2nd period - Roope Hintz wins face-off versus Carl Soderberg in BOISE CARIBOUS zone.
11:01 of 2nd period - Carl Soderberg is hit by Mathew Dumba and loses puck.
11:09 of 2nd period - Miro Heiskanen is hit by Erik Cernak and loses puck.
11:51 of 2nd period - Icing by Jamie Oleksiak.
11:52 of 2nd period - Radek Faksa wins face-off versus Joel Kellman in BANFF WOLVES zone.
11:52 of 2nd period - Radek Faksa is hit by Jamie Oleksiak.
12:04 of 2nd period - Shot by Radek Faksa.
12:04 of 2nd period - Stopped by Pavel Francouz without a rebound.
12:05 of 2nd period - Jack Eichel wins face-off versus Kyle Turris in BANFF WOLVES zone.
12:41 of 2nd period - Andre Burakovsky is hit by Kevin Connauton and loses puck.
14:04 of 2nd period - Off-side.
14:05 of 2nd period - Carl Soderberg wins face-off versus Antti Suomela in neutral zone.
14:20 of 2nd period - Shot by Carl Soderberg.
14:20 of 2nd period - Shot Misses the Net.
14:23 of 2nd period - Icing by Mathew Dumba.
14:24 of 2nd period - Antti Suomela wins face-off versus Theodor Blueger in BANFF WOLVES zone.
15:05 of 2nd period - Jack Eichel is hit by Lawson Crouse and loses puck.
15:11 of 2nd period - Minor Penalty to Brady Tkachuk for Holding.
15:12 of 2nd period - Carl Soderberg wins face-off versus Roope Hintz in BANFF WOLVES zone.
15:17 of 2nd period - Shot by Tom Wilson.
15:17 of 2nd period - Stopped by Pavel Francouz without a rebound.
15:18 of 2nd period - Carl Soderberg wins face-off versus Roope Hintz in BANFF WOLVES zone.
16:33 of 2nd period - Shot by Radek Faksa.
16:33 of 2nd period - Shot Misses the Net.
16:35 of 2nd period - Shot by Mike Reilly.
16:35 of 2nd period - Stopped by Pavel Francouz without a rebound.
16:36 of 2nd period - Radek Faksa wins face-off versus Jason Zucker in BANFF WOLVES zone.
16:36 of 2nd period - Dominik Kubalik is hit by Jamie Oleksiak.
16:38 of 2nd period - Shot by Kyle Turris.
16:38 of 2nd period - Shot Misses the Net.
16:59 of 2nd period - Shot by Will Butcher.
16:59 of 2nd period - Stopped by Pavel Francouz with a rebound.
17:15 of 2nd period - Shot by Radek Faksa.
17:15 of 2nd period - Stopped by Pavel Francouz without a rebound.
17:15 of 2nd period - Minor Penalty to Kevin Connauton for Holding.
17:16 of 2nd period - Carl Soderberg wins face-off versus Roope Hintz in BANFF WOLVES zone.
17:37 of 2nd period - Shot by Carl Soderberg.
17:37 of 2nd period - Shot Blocked by Mathew Dumba.
18:21 of 2nd period - Icing by Dominik Kubalik.
18:22 of 2nd period - Radek Faksa wins face-off versus Jason Zucker in BOISE CARIBOUS zone.
19:12 of 2nd period - Shot by Phil Kessel.
19:12 of 2nd period - Shot Blocked by Brady Tkachuk.
19:27 of 2nd period - Minor Penalty to Rasmus Andersson for Tripping.
19:28 of 2nd period - Jack Eichel wins face-off versus Theodor Blueger in BOISE CARIBOUS zone.
19:29 of 2nd period - Shot by Miro Heiskanen.
19:29 of 2nd period - Shot Misses the Net.
Goals for this period are 0 for BOISE CARIBOUS vs 0 for BANFF WOLVES.
Shots for this period are 16 for BOISE CARIBOUS vs 3 for BANFF WOLVES.

3rd period


0:01 of 3rd period - Jack Eichel wins face-off versus Theodor Blueger in neutral zone.
1:15 of 3rd period - Shot by Kevin Labanc.
1:15 of 3rd period - Shot Misses the Net.
1:17 of 3rd period - Shot by Jamie Oleksiak.
1:17 of 3rd period - Shot Blocked by Joakim Ryan.
1:19 of 3rd period - Shot by Roope Hintz.
1:19 of 3rd period - Goal by Roope Hintz - BOISE CARIBOUS : 0 - BANFF WOLVES : 2.
1:20 of 3rd period - Kyle Turris wins face-off versus Antti Suomela in neutral zone.
1:27 of 3rd period - Off-side.
1:28 of 3rd period - Antti Suomela wins face-off versus Kyle Turris in neutral zone.
1:59 of 3rd period - Shot by Andre Burakovsky.
1:59 of 3rd period - Stopped by Pavel Francouz without a rebound.
2:00 of 3rd period - Radek Faksa wins face-off versus Jack Eichel in BANFF WOLVES zone.
2:12 of 3rd period - Jack Eichel is hit by Erik Cernak and loses puck.
2:28 of 3rd period - Brady Tkachuk is hit by Erik Cernak.
2:29 of 3rd period - Minor Penalty to Erik Cernak for High sticking.
2:29 of 3rd period - Brady Tkachuk from BANFF WOLVES is injured at 2:29 of 3rd period (Concussion).
2:30 of 3rd period - Roope Hintz wins face-off versus Theodor Blueger in BOISE CARIBOUS zone.
2:53 of 3rd period - Shot by James van Riemsdyk.
2:53 of 3rd period - Stopped by Alexandar Georgiev without a rebound.
2:54 of 3rd period - Jack Eichel wins face-off versus Radek Faksa in BOISE CARIBOUS zone.
3:02 of 3rd period - Shot by Nikita Gusev.
3:02 of 3rd period - Stopped by Alexandar Georgiev with a rebound.
3:29 of 3rd period - Minor Penalty to Miro Heiskanen for Hooking.
3:29 of 3rd period - Minor Penalty to Darren Helm for Tripping.
3:30 of 3rd period - Jason Zucker wins face-off versus Theodor Blueger in BANFF WOLVES zone.
3:43 of 3rd period - Shot by Antti Suomela.
3:43 of 3rd period - Deflect By Jason Zucker.
3:43 of 3rd period - Shot Blocked by Theodor Blueger.
3:45 of 3rd period - Shot by Antti Suomela.
3:45 of 3rd period - Deflect By Jason Zucker.
3:45 of 3rd period - Shot Misses the Net.
4:07 of 3rd period - Shot by Jason Zucker.
4:07 of 3rd period - Deflect By Antti Suomela.
4:07 of 3rd period - Shot Misses the Net.
4:33 of 3rd period - Shot by Jason Zucker.
4:33 of 3rd period - Stopped by Alexandar Georgiev without a rebound.
4:34 of 3rd period - Kyle Turris wins face-off versus James van Riemsdyk in BOISE CARIBOUS zone.
4:38 of 3rd period - Off-side.
4:39 of 3rd period - Kyle Turris wins face-off versus James van Riemsdyk in neutral zone.
4:46 of 3rd period - Shot by Dominik Kubalik.
4:46 of 3rd period - Shot Blocked by Nikita Gusev.
4:48 of 3rd period - Shot by Dominik Kubalik.
4:48 of 3rd period - Goal by Dominik Kubalik - BOISE CARIBOUS : 1 - BANFF WOLVES : 2.
4:49 of 3rd period - Kyle Turris wins face-off versus Jason Zucker in neutral zone.
4:54 of 3rd period - Shot by Dominik Kubalik.
4:54 of 3rd period - Shot Hit the Post.
4:56 of 3rd period - Shot by Mike Reilly.
4:56 of 3rd period - Deflect By Kyle Turris.
4:56 of 3rd period - Stopped by Pavel Francouz without a rebound.
4:57 of 3rd period - Kyle Turris wins face-off versus Jason Zucker in BANFF WOLVES zone.
5:12 of 3rd period - Shot by Dominik Kubalik.
5:12 of 3rd period - Goal by Dominik Kubalik - BOISE CARIBOUS : 2 - BANFF WOLVES : 2.
5:13 of 3rd period - Joel Kellman wins face-off versus Kyle Turris in neutral zone.
5:26 of 3rd period - Shot by Jason Zucker.
5:26 of 3rd period - Stopped by Alexandar Georgiev without a rebound.
5:27 of 3rd period - Kyle Turris wins face-off versus James van Riemsdyk in BOISE CARIBOUS zone.
5:33 of 3rd period - Off-side.
5:34 of 3rd period - Roope Hintz wins face-off versus Radek Faksa in neutral zone.
5:36 of 3rd period - Off-side.
5:37 of 3rd period - Radek Faksa wins face-off versus Roope Hintz in neutral zone.
5:46 of 3rd period - Shot by Roope Hintz.
5:46 of 3rd period - Shot Misses the Net.
5:54 of 3rd period - Shot by Phil Kessel.
5:54 of 3rd period - Shot Misses the Net.
5:56 of 3rd period - Shot by Phil Kessel.
5:56 of 3rd period - Goal by Phil Kessel - BOISE CARIBOUS : 3 - BANFF WOLVES : 2.
5:57 of 3rd period - Jack Eichel wins face-off versus Kyle Turris in neutral zone.
6:22 of 3rd period - Shot by Dominik Kubalik.
6:22 of 3rd period - Shot Blocked by Miro Heiskanen.
6:36 of 3rd period - Shot by Dominik Kubalik.
6:36 of 3rd period - Stopped by Pavel Francouz without a rebound.
6:37 of 3rd period - Radek Faksa wins face-off versus Roope Hintz in BANFF WOLVES zone.
7:00 of 3rd period - Shot by Radek Faksa.
7:00 of 3rd period - Shot Blocked by Trevor van Riemsdyk.
7:43 of 3rd period - Shot by Miles Wood.
7:43 of 3rd period - Shot Misses the Net.
7:45 of 3rd period - Shot by Antti Suomela.
7:45 of 3rd period - Shot Misses the Net.
8:15 of 3rd period - Shot by Jason Zucker.
8:15 of 3rd period - Stopped by Alexandar Georgiev with a rebound.
8:23 of 3rd period - Shot by Jack Eichel.
8:23 of 3rd period - Stopped by Alexandar Georgiev without a rebound.
8:24 of 3rd period - Kyle Turris wins face-off versus Joel Kellman in BOISE CARIBOUS zone.
8:32 of 3rd period - Off-side.
8:33 of 3rd period - Carl Soderberg wins face-off versus Roope Hintz in neutral zone.
8:40 of 3rd period - Icing by Alex Tuch.
8:41 of 3rd period - Kyle Turris wins face-off versus Roope Hintz in BANFF WOLVES zone.
8:41 of 3rd period - Dominik Kubalik is hit by Trevor van Riemsdyk and loses puck.
8:56 of 3rd period - Shot by Dominik Kubalik.
8:56 of 3rd period - Deflect By Andre Burakovsky.
8:56 of 3rd period - Shot Misses the Net.
9:38 of 3rd period - Darren Helm is hit by James van Riemsdyk.
10:09 of 3rd period - Shot by Patrick Marleau.
10:09 of 3rd period - Shot Misses the Net.
10:35 of 3rd period - Shot by Theodor Blueger.
10:35 of 3rd period - Stopped by Pavel Francouz without a rebound.
10:36 of 3rd period - Radek Faksa wins face-off versus Jack Eichel in BANFF WOLVES zone.
10:47 of 3rd period - Icing by Taylor Fedun.
10:48 of 3rd period - Kyle Turris wins face-off versus Jack Eichel in BANFF WOLVES zone.
11:04 of 3rd period - Icing by Kevin Connauton.
11:05 of 3rd period - Jack Eichel wins face-off versus Radek Faksa in BANFF WOLVES zone.
11:05 of 3rd period - Jack Eichel is hit by Tom Wilson.
11:11 of 3rd period - Joakim Ryan is hit by Antti Suomela and loses puck.
11:36 of 3rd period - Shot by Tom Wilson.
11:36 of 3rd period - Stopped by Pavel Francouz with a rebound.
11:38 of 3rd period - Shot by Rasmus Andersson.
11:38 of 3rd period - Deflect By Phil Kessel.
11:38 of 3rd period - Shot Misses the Net.
11:42 of 3rd period - Shot by Radek Faksa.
11:42 of 3rd period - Shot Blocked by Jason Zucker.
11:42 of 3rd period - Jason Zucker from BANFF WOLVES is injured at 11:42 of 3rd period (Sprained Right Ankle).
11:43 of 3rd period - Roope Hintz wins face-off versus Kyle Turris in BANFF WOLVES zone.
11:51 of 3rd period - Minor Penalty to Will Butcher for Hooking.
11:52 of 3rd period - Theodor Blueger wins face-off versus Roope Hintz in BOISE CARIBOUS zone.
11:52 of 3rd period - Theodor Blueger is hit by Roope Hintz.
12:33 of 3rd period - Shot by Roope Hintz.
12:33 of 3rd period - Stopped by Alexandar Georgiev with a rebound.
12:35 of 3rd period - Shot by Miro Heiskanen.
12:35 of 3rd period - Stopped by Alexandar Georgiev without a rebound.
12:36 of 3rd period - Radek Faksa wins face-off versus Jack Eichel in BOISE CARIBOUS zone.
13:05 of 3rd period - Shot by Nikita Gusev.
13:05 of 3rd period - Stopped by Alexandar Georgiev without a rebound.
13:06 of 3rd period - Roope Hintz wins face-off versus Theodor Blueger in BOISE CARIBOUS zone.
13:15 of 3rd period - Shot by Miro Heiskanen.
13:15 of 3rd period - Stopped by Alexandar Georgiev without a rebound.
13:16 of 3rd period - Jack Eichel wins face-off versus Theodor Blueger in BOISE CARIBOUS zone.
13:50 of 3rd period - Shot by Miro Heiskanen.
13:50 of 3rd period - Shot Misses the Net.
13:55 of 3rd period - Icing by Andre Burakovsky.
13:56 of 3rd period - Antti Suomela wins face-off versus Kyle Turris in BOISE CARIBOUS zone.
13:56 of 3rd period - Miles Wood is hit by Mike Reilly and loses puck.
14:12 of 3rd period - Icing by Andre Burakovsky.
14:13 of 3rd period - Jack Eichel wins face-off versus Andre Burakovsky in BOISE CARIBOUS zone.
15:51 of 3rd period - Off-side.
15:52 of 3rd period - Jack Eichel wins face-off versus Theodor Blueger in neutral zone.
15:52 of 3rd period - Jack Eichel is hit by Lawson Crouse.
16:06 of 3rd period - Shot by Alex Tuch.
16:06 of 3rd period - Stopped by Alexandar Georgiev with a rebound.
16:08 of 3rd period - Shot by Kevin Labanc.
16:08 of 3rd period - Goal by Kevin Labanc - BOISE CARIBOUS : 3 - BANFF WOLVES : 3.
16:09 of 3rd period - Radek Faksa wins face-off versus Roope Hintz in neutral zone.
16:54 of 3rd period - Phil Kessel is hit by Miro Heiskanen and loses puck.
16:58 of 3rd period - Minor Penalty to Tom Wilson for Tripping.
16:59 of 3rd period - Jack Eichel wins face-off versus Theodor Blueger in BOISE CARIBOUS zone.
17:07 of 3rd period - Nikita Gusev is hit by Brendan Smith and loses puck.
17:12 of 3rd period - Shot by Nikita Gusev.
17:12 of 3rd period - Shot Misses the Net.
17:27 of 3rd period - Nikita Gusev is hit by Brendan Smith and loses puck.
17:54 of 3rd period - Shot by Miro Heiskanen.
17:54 of 3rd period - Shot Blocked by Joakim Ryan.
17:56 of 3rd period - Shot by Mathew Dumba.
17:56 of 3rd period - Stopped by Alexandar Georgiev without a rebound.
17:57 of 3rd period - Roope Hintz wins face-off versus Theodor Blueger in BOISE CARIBOUS zone.
18:45 of 3rd period - Shot by Jack Eichel.
18:45 of 3rd period - Shot Misses the Net.
18:47 of 3rd period - Shot by Mathew Dumba.
18:47 of 3rd period - Stopped by Alexandar Georgiev with a rebound.
18:49 of 3rd period - Shot by Mathew Dumba.
18:49 of 3rd period - Stopped by Alexandar Georgiev without a rebound.
18:50 of 3rd period - Jack Eichel wins face-off versus Radek Faksa in BOISE CARIBOUS zone.
18:51 of 3rd period - Shot by Miro Heiskanen.
18:51 of 3rd period - Shot Misses the Net.
18:58 of 3rd period - Off-side.
18:59 of 3rd period - Jack Eichel wins face-off versus Kyle Turris in neutral zone.
19:16 of 3rd period - Andre Burakovsky is hit by Antti Suomela and loses puck.
19:40 of 3rd period - Icing by Joel Kellman.
19:41 of 3rd period - Radek Faksa wins face-off versus Jack Eichel in BANFF WOLVES zone.
19:45 of 3rd period - Radek Faksa is hit by Taylor Fedun and loses puck.
Goals for this period are 3 for BOISE CARIBOUS vs 2 for BANFF WOLVES.
Shots for this period are 8 for BOISE CARIBOUS vs 16 for BANFF WOLVES.

Overtime #1


0:01 of 1st overtime period - Carl Soderberg wins face-off versus Jack Eichel in neutral zone.
0:16 of 1st overtime period - Shot by Carl Soderberg.
0:16 of 1st overtime period - Shot Misses the Net.
0:57 of 1st overtime period - Off-side.
0:58 of 1st overtime period - Antti Suomela wins face-off versus Tom Wilson in neutral zone.
1:37 of 1st overtime period - Off-side.
1:38 of 1st overtime period - Carl Soderberg wins face-off versus Jack Eichel in neutral zone.
2:06 of 1st overtime period - Shot by Phil Kessel.
2:06 of 1st overtime period - Stopped by Pavel Francouz with a rebound.
2:25 of 1st overtime period - Off-side.
2:26 of 1st overtime period - Tom Wilson wins face-off versus Antti Suomela in neutral zone.
2:58 of 1st overtime period - Shot by Tom Wilson.
2:58 of 1st overtime period - Stopped by Pavel Francouz without a rebound.
2:59 of 1st overtime period - Jack Eichel wins face-off versus Carl Soderberg in BANFF WOLVES zone.
3:30 of 1st overtime period - Shot by Jack Eichel.
3:30 of 1st overtime period - Shot Hit the Post.
3:32 of 1st overtime period - Shot by Kevin Labanc.
3:32 of 1st overtime period - Stopped by Alexandar Georgiev with a rebound.
3:34 of 1st overtime period - Shot by Jack Eichel.
3:34 of 1st overtime period - Shot Misses the Net.
4:48 of 1st overtime period - Icing by Nikita Gusev.
4:49 of 1st overtime period - Antti Suomela wins face-off versus Kyle Turris in BANFF WOLVES zone.
4:49 of 1st overtime period - Antti Suomela is hit by Dominik Kubalik.
Goals for this period are 0 for BOISE CARIBOUS vs 0 for BANFF WOLVES.
Shots for this period are 2 for BOISE CARIBOUS vs 1 for BANFF WOLVES.

ShootOut


5:00 of 1st overtime period - Round #1.
5:00 of 1st overtime period - BOISE CARIBOUS, Andre Burakovsky.
5:00 of 1st overtime period - Shot Misses the Net.
5:00 of 1st overtime period - BANFF WOLVES, Kevin Labanc.
5:00 of 1st overtime period - Shot Misses the Net.
5:00 of 1st overtime period - Round #2.
5:00 of 1st overtime period - BOISE CARIBOUS, Phil Kessel.
5:00 of 1st overtime period - Stopped by Pavel Francouz.
5:00 of 1st overtime period - BANFF WOLVES, Jack Eichel.
5:00 of 1st overtime period - Goal by Jack Eichel.
5:00 of 1st overtime period - Round #3.
5:00 of 1st overtime period - BOISE CARIBOUS, Dominik Kubalik.
5:00 of 1st overtime period - Goal by Dominik Kubalik.
5:00 of 1st overtime period - BANFF WOLVES, Roope Hintz.
5:00 of 1st overtime period - Shot Misses the Net.
5:00 of 1st overtime period - Round #4.
5:00 of 1st overtime period - BOISE CARIBOUS, Carl Soderberg.
5:00 of 1st overtime period - Stopped by Pavel Francouz.
5:00 of 1st overtime period - BANFF WOLVES, Nikita Gusev.
5:00 of 1st overtime period - Goal by Nikita Gusev.


NATHAN
MACKINNON
PHILLIP
DANAULT
CONNOR
MCDAVID

EAST COAST

HOCKEY LEAGUE

  • 25.QUE4CHI5
  • 26.CHA2LIM3
  • 27.TRV2LON3
  • 28.CHW4BAL2
  • 29.PITMAN
  • 30.ATLNHW
  • 31.WORPET
  • 32.RHI